 Dungeon Crawl Stone Soup version 0.29.1-13-g9f3cf754e1 (webtiles) character file.

Game seed: 10059699129774639437

42 retardedninja the Conjurer (level 3, -3/26 HPs)
             Began as a Draconian Conjurer on Jan 20, 2023.
             Slain by a gnoll
             ... wielding a +0 whip
              (9 damage)
             ... on level 2 of the Dungeon.
             The game lasted 00:02:52 (2233 turns).

retardedninja the Conjurer (Draconian Conjurer)     Turns: 2233, Time: 00:02:53

Health: -3/26      AC:  5    Str: 11    XL:     3   Next: 33%
Magic:  1/6        EV: 12    Int: 18    God:
Gold:   36         SH:  0    Dex:  9    Spells: 4/7 levels left

rFire   . . .      SeeInvis .   (no weapon)
rCold   . . .      Faith    .   (no shield)
rNeg    . . .      Spirit   .   (body armour unavailable)
rPois   .          Reflect  .   (helmet restricted)
rElec   .          Harm     .   (no cloak)
rCorr   .          Rampage  .   (no gloves)
Will    .....                   (no boots)
Stlth   ++........              (no amulet)
HPRegen 0.08/turn               (no ring)
MPRegen 0.10/turn               (no ring)

@: no status effects
A: AC +5, unfitting armour, cold-blooded
a: no special abilities


You were on level 2 of the Dungeon.
You visited 1 branch of the dungeon, and saw 2 of its levels.

You collected 36 gold pieces.

Inventory:

Potions
 a - a potion of magic
 c - a potion of flight {unknown}
 d - a potion of might {unknown}


   Skills:
 + Level 2.2 Dodging
 + Level 2.3 Stealth
 + Level 2.5 Spellcasting
 + Level 4.3 Conjurations


You had 4 spell levels left.
You knew the following spells:

 Your Spells              Type           Power      Damage    Failure   Level
a - Magic Dart            Conj           68%        1d6       3%          1
b - Searing Ray           Conj           34%        2d5       4%          2

Your spell library contained the following spells:

 Spells                   Type           Power      Damage    Failure   Level
 Dazzling Flash           Conj/Hex       18%        N/A       22%         3
 Mephitic Cloud           Conj/Pois/Air  7%         N/A       28%         3
 Ignite Poison            Fire/Tmut/Pois 2%         N/A       45%         3
 Fulminant Prism          Conj/Hex       4%         3d6       56%         4
 Iskenderun's Mystic Bla  Conj/Tloc      9%         2d4       56%         4
 Freezing Cloud           Conj/Ice/Air   3%         6-21      95%         5


Dungeon Overview and Level Annotations

Branches:
Dungeon (2/15)

Altars:


Innate Abilities, Weirdness & Mutations

Your plain brown scales are hard. (AC +5)
You cannot fit into any form of body armour.
You are cold-blooded and may be slowed by cold attacks.


Message History

The endoplasm is almost dead.
The magic dart hits the endoplasm.
You kill the endoplasm!
You can't see any susceptible monsters within range! (Use Z to cast anyway.)
You can't see any susceptible monsters within range! (Use Z to cast anyway.)
You can't see any susceptible monsters within range! (Use Z to cast anyway.) HP restored.
Magic restored.
Found a dagger.
You see here a +0 dagger.
Found a stone staircase leading up.
You see here a +0 dagger.
A gnoll comes into view. It is wielding a +0 spear.
A gnoll is nearby!
A gnoll is nearby!
A gnoll is nearby!
The magic dart hits the gnoll.
The gnoll is moderately wounded.
The magic dart hits the gnoll.
The gnoll is severely wounded.
A gnoll comes into view. It is wielding a +0 whip.
The magic dart hits the gnoll.
The gnoll is lightly wounded.
The gnoll shouts!
The magic dart hits the gnoll but does no damage.
The gnoll is lightly wounded.
The magic dart hits the gnoll.
The gnoll is moderately wounded.
A gnoll comes into view. It is wielding a +0 spear.
The magic dart hits the gnoll.
The gnoll is severely wounded.
You are out of magic!
You are out of magic!
As you read the scroll labelled KENIJYTOMN, it crumbles to dust.
Your body is wracked with pain!
The gnoll convulses! x2
It was a scroll of torment.
The gnoll hits you with a +0 whip!
* * * LOW HITPOINT WARNING * * *
The gnoll attacks as you move away! The gnoll completely misses you.
The gnoll hits you with a +0 whip!
You die...

########..... ...
............ ..
........... #.
.......... #.
........g #.
........######## #.
...............# #.
#######g.......#### #.
#.@.........######.
###.#####.....)..#.
#########..##
#....###.#.
.........#..# #....#
#<## ########.##.#
#....######
#.##.###.......รท..
#####.##..##...#######
#...#.###......#
#.#.#.# #####..###


You could see a gnoll.

Vanquished Creatures
  3 dart slugs
  2 bats (D:1)
  5 endoplasms
  3 hobgoblins
  5 jackals
  3 quokkas
  3 ball pythons
  2 goblins
  2 kobolds (D:1)
  4 rats
32 creatures vanquished.

Notes
Turn   | Place    | Note
-------+----------+-------------------------------------------
     0 | D:1      | retardedninja the Draconian Conjurer began the quest for
                  | the Orb.
     0 | D:1      | Reached XP level 1. HP: 14/14 MP: 3/3
     0 | D:1      | Noticed an iron dragon
     0 | D:1      | Noticed an ice dragon
     1 | D:1      | Noticed a shadow dragon
     2 | D:1      | Noticed a green draconian
     4 | D:1      | Noticed a large abomination
     4 | D:1      | Noticed a shadow dragon
     6 | D:1      | Noticed a large abomination
    11 | D:1      | Noticed a large abomination
    11 | D:1      | Noticed a golden dragon
    13 | D:1      | Noticed an ice dragon
    15 | D:1      | Noticed a green draconian
    17 | D:1      | Noticed a large abomination
    19 | D:1      | Noticed a black draconian
   624 | D:1      | Reached XP level 2. HP: 17/20 MP: 0/5
   780 | D:1      | Learned a level 2 spell: Searing Ray
  1784 | D:2      | Reached XP level 3. HP: 26/26 MP: 6/6
  2233 | D:2      | Slain by a gnoll

Illustrated notes

Levels and vault maps discovered:
D:1:      shiori_arrival_whats_in_store_for_you, layout_basic
D:2:      layout_basic, shapermc_ecumenical_altar_venn

Skill      XL: |  1 |
---------------+----+-----
Stealth        | 2 |  2.3
Dodging        | 2 |  2.2
Spellcasting   | |  2.5
Conjurations   | |  4.3

Action                   || total
-------------------------++-------
Melee: Unarmed           ||    25
       Tailslap          ||     7
 Cast: Magic Dart        ||    58
       Searing Ray       ||     5
  Use: Scroll            ||     1
 Stab: Sleeping          ||     1
Armor: Skin              ||     9
Dodge: Dodged            ||    35
